 Dungeon Crawl Stone Soup version 0.28.0 (webtiles) character file.

Game seed: 4245600350067555325

791 boopmooplesden the Slasher (level 7, -3/60 HPs)
             Began as a Minotaur Fighter on Feb 12, 2022.
             Slain by an ogre (15 damage)
             ... on level 6 of the Dungeon.
             The game lasted 00:04:35 (4146 turns).

boopmooplesden the Slasher (Minotaur Fighter)       Turns: 4146, Time: 00:04:35

Health: -3/60      AC: 13    Str: 22    XL:     7   Next: 57%
Magic:  6/6        EV:  6    Int:  5    God:
Gold:   195        SH:  5    Dex: 10    Spells: 6/6 levels left

rFire   . . .      SeeInvis .   a - +1 long sword
rCold   . . .      Faith    .   c - +0 buckler
rNeg    . . .      Spirit   .   o - +1 plate armour
rPois   .          Reflect  .   (helmet restricted)
rElec   .          Harm     +   q - scarf {harm}
rCorr   .          Rampage  .   (no gloves)
Will    .....                   (no boots)
Stlth   ..........              (no amulet)
HPRegen 0.20/turn               (no ring)
MPRegen 0.10/turn               (no ring)

@: no status effects
A: horns 2, retaliatory headbutt
a: no special abilities


You were on level 6 of the Dungeon.
You visited 1 branch of the dungeon, and saw 6 of its levels.

You collected 195 gold pieces.

Inventory:

Hand Weapons
 a - a +1 long sword (weapon)
Armour
 c - a +0 buckler (worn)
 o - a +1 plate armour (worn)
 q - a scarf of harm (worn)
Jewellery
 f - a ring of protection from fire
Wands
 l - a wand of mindburst (10)
 n - a wand of acid (4)
Scrolls
 m - 4 scrolls of identify
Potions
 d - 2 potions of might
 e - a potion of haste
 h - a potion of curing
 i - a potion of degeneration {unknown}
 j - a potion of attraction {unknown}
 k - a potion of berserk rage {unknown}
 r - a potion of resistance {unknown}
 t - 2 potions of flight {unknown}


   Skills:
 + Level 4.9 Fighting
 + Level 7.1 Long Blades
 + Level 6.2 Armour
 + Level 1.8 Dodging
 + Level 0.2 Stealth
 + Level 5.3 Shields


You had 6 spell levels left.
You didn't know any spells.
Your spell library contained the following spells:

 Spells                   Type           Power      Damage    Failure   Level
 Apportation              Tloc           0%         N/A       100%        1
 Alistair's Intoxication  Tmut/Pois      0%         N/A       100%        5
 Blade Hands              Tmut           0%         N/A       100%        5
 Irradiate                Conj/Tmut      0%         3d14      100%        5
 Dragon Form              Tmut           0%         N/A       100%        7


Dungeon Overview and Level Annotations

Branches:
Dungeon (6/15)
 Temple: D:4-7

Altars:

Shops:
D:2 ?

Annotations:
D:3 2 transporters, Norrock's ghost, amateur DrCA


Innate Abilities, Weirdness & Mutations

You have a pair of horns on your head.
You reflexively headbutt those who attack you in melee.


Message History

There is an open door here.
You open the door.
There is an open door here.
You open the door.
There is an open door here.
m - 4 scrolls of identify (gained 1)
You now have 195 gold pieces (gained 14).
You open the door.
There is an open door here.
A worm comes into view.
The worm moves out of view. 2 worms come into view.
There are monsters nearby! 2 worms and an ogre come into view.
Found a scroll of identify.
Found a stone staircase leading down.
The ogre shouts!
You barely miss the worm. Your headbutt misses the worm.
The ogre hits you with a +0 giant spiked club!
The worm falls through a shaft!
The shaft crumbles and collapses.
The worm bites you.
The worm falls through a shaft!
The shaft crumbles and collapses.
You slash the worm!
You headbutt the worm, but do no damage.
The worm is almost dead.
The ogre hits you with a +0 giant spiked club!
* * * LOW HITPOINT WARNING * * *
The worm falls through a shaft!
The shaft crumbles and collapses.
The worm bites you.
* * * LOW HITPOINT WARNING * * *
There is an escape hatch in the floor here.
The ogre hits you with a +0 giant spiked club.
* * * LOW HITPOINT WARNING * * *
You slide downwards.
The hatch slams shut behind you.
The ogre shouts!
Found a mace, a runed quarterstaff and a scroll of enchant weapon.
An adder comes into view.
The adder hisses angrily.
Found 8 gold pieces.
The ogre hits you with a +0 giant spiked club!
You die...

#...# #...### #.#.
#......
.....#####...#####.
#.......)......$.
#................
##....O..S.......
#.#####OZ....... #.
#.@.###### . #...#
# #..)# #..?# ##...
#.### #.# ..#


You could see 2 ogres, an adder and a centaur zombie.

Vanquished Creatures
  Grinder (D:4)
  An ogre (D:4)
  A phantom (D:5)
  2 scorpions (D:4)
  A jelly (D:4)
  An orc priest (D:4)
  A hound (D:4)
  Crazy Yiuf (D:4)
  Natasha (thrice) (D:2)
  2 orc wizards (D:4)
  2 adders
  2 worms (D:2)
  An orc (D:4)
  6 endoplasms
  3 giant cockroaches
  6 goblins
  5 hobgoblins
  5 quokkas
  5 ball pythons
  3 bats
  3 frilled lizards
  7 kobolds
  7 rats
69 creatures vanquished.

Notes
Turn   | Place    | Note
-------+----------+-------------------------------------------
     0 | D:1      | boopmooplesden the Minotaur Fighter began the quest for the
                  | Orb.
     0 | D:1      | Reached XP level 1. HP: 19/19 MP: 0/0
   183 | D:1      | Reached XP level 2. HP: 25/27 MP: 1/1
   337 | D:1      | Found a faded altar of an unknown god.
   708 | D:2      | Noticed Natasha
   708 | D:2      | Found Qeast's Magic Scroll Boutique.
   721 | D:2      | Killed Natasha
   722 | D:2      | Reached skill level 3 in Long Blades
   722 | D:2      | Reached XP level 3. HP: 24/33 MP: 2/2
  1210 | D:2      | Reached XP level 4. HP: 39/40 MP: 3/3
  1329 | D:2      | Noticed Natasha
  1339 | D:2      | Killed Natasha
  1526 | D:2      | Noticed Natasha
  1540 | D:2      | Killed Natasha
  1541 | D:2      | Reached skill level 4 in Long Blades
  1541 | D:2      | Reached skill level 1 in Dodging
  1545 | D:2      | Identified the +3 ring mail of the Endless Spirits {rC++
                  | Will+++ Str-5 Dex-4}
  1704 | D:3      | Found a transporter.
  1707 | D:3      | Noticed a necrophage
  1708 | D:3      | Found a transporter.
  1709 | D:3      | Noticed Norrock's ghost (amateur DrCA)
  1945 | D:3      | Reached XP level 5. HP: 46/46 MP: 4/4
  2427 | D:4      | Noticed an ogre
  2440 | D:4      | Killed an ogre
  2441 | D:4      | Reached skill level 5 in Armour
  2743 | D:4      | Reached skill level 5 in Long Blades
  2743 | D:4      | Reached XP level 6. HP: 49/53 MP: 5/5
  3109 | D:4      | Noticed Grinder
  3116 | D:4      | Killed Grinder
  3117 | D:4      | Reached skill level 6 in Long Blades
  3117 | D:4      | Reached XP level 7. HP: 60/60 MP: 6/6
  3271 | D:4      | Reached skill level 5 in Shields
  3483 | D:4      | Found a runed translucent door.
  3484 | D:4      | Noticed Crazy Yiuf
  3656 | D:4      | Killed Crazy Yiuf
  3909 | D:5      | Entered Level 5 of the Dungeon
  3973 | D:5      | Reached skill level 7 in Long Blades
  4146 | D:6      | Slain by an ogre

Illustrated notes

Levels and vault maps discovered:
D:1:      scummos_arrival_checkerplants, layout_rooms,
          shapermc_ecumenical_altar_notcrosses, skrybe_limestone_x,
          nicolae_figureground_sparkle
D:2:      layout_rooms, serial_shops, nicolae_shop_hallway_stairs,
          minmay_door_square, uniq_natasha
D:3:      layout_loops_cross, gammafunk_ghost_mausoleum,
          hangedman_decor_diamond_cutter, minivault_23, dk_noncrumbling_2,
          kennysheep_generic_room_6
D:4:      layout_layer_cave, uniq_grinder, uniq_crazy_yiuf_cottage
D:5:      layout_gridville, temple_hall, eino_tiny_chamber,
          grunt_decor_one_mirror, nicolae_wormholes
D:6:      layout_loops_cross

Skill      XL: |  1  2  3  4  5  6  7 |
---------------+----------------------+-----
Armour         | 4 5 6 |  6.2
Shields        | 4 5 |  5.3
Long Blades    | 3 4 5 6 7 |  7.1
Fighting       | 4 |  4.9
Dodging        | 1 |  1.8
Stealth        | |  0.2

Action                   |  1- 3 |  4- 6 |  7- 9 || total
-------------------------+-------+-------+-------++-------
Melee: Long sword        |    81 |    77 |    25 ||   183
       Headbutt          |     9 |    11 |     6 ||    26
  Use: Scroll            |       |     3 |     4 ||     7
Armor: Scale mail        |    34 |    11 |       ||    45
       Plate armour      |       |    35 |    18 ||    53
Dodge: Dodged            |    35 |    36 |     4 ||    75
Block: Buckler           |    16 |    21 |     7 ||    44
